[Event "CZE Extraliga 2019-20"]
[Site "Czech Republic"]
[Date "2019.12.01"]
[Round "4.1"]
[White "Movsesian, Sergei"]
[Black "Michalik, Peter"]
[Result "1/2-1/2"]
[ECO "C50"]
[WhiteElo "2654"]
[BlackElo "2575"]
[Annotator "ChessBase"]
[PlyCount "75"]
[EventDate "2019.09.15"]
[EventType "team-tourn"]
[EventCountry "CZE"]
[SourceTitle "playchess.com"]
[Source "ChessBase"]
[SourceQuality "1"]
[WhiteTeam "Pardubice  "]
[BlackTeam "Siesta Solution Unichess"]
[TimeControl "40/5400+30:1800+30"]

1. e4 e5 2. Nf3 Nc6 3. Bc4 Nf6 4. d3 Bc5 5. O-O d6 6. a4 a5 7. Be3 Bxe3 8. fxe3 O-O 9. Nbd2 Be6 10. Bxe6 fxe6 11. d4 Qe8 12. c3 Qg6 13. Qb3 Nxe4 14. Nxe4 Qxe4 15. Qxe6+ Kh8 16. Rae1 Rf6 17. Qd7 Raf8 18. Qxc7 g5 19. h3 h5 20. Rf2 g4 21. Ng5 Qg6 22. Rxf6 Rxf6 23. Qc8+ Kg7 24. Qxb7+ Kh6 25. Qxc6 Kxg5 26. Qd7 Kh4 27. dxe5 dxe5 28. e4 g3 29. Qd3 Rd6 30. Qe3 Qf6 31. Rf1 Rd1 32. Qe2 Qb6+ 33. Kh1 Rxf1+ 34. Qxf1 Qf2 35. Qb1 Qd2 36. Qf1 Qf2 37. Qc1 Qxg2+ 38. Kxg2 1/2-1/2

[Event "CZE Extraliga 2019-20"]
[Site "Czech Republic"]
[Date "2019.12.01"]
[Round "4.1"]
[White "Kempinski, Robert"]
[Black "Korobov, Anton"]
[Result "1/2-1/2"]
[ECO "D30"]
[WhiteElo "2579"]
[BlackElo "2679"]
[Annotator "ChessBase"]
[PlyCount "68"]
[EventDate "2019.09.15"]
[EventType "team-tourn"]
[EventCountry "CZE"]
[SourceTitle "playchess.com"]
[Source "ChessBase"]
[SourceQuality "1"]
[WhiteTeam "Poruba "]
[BlackTeam "Frydek-Mistek"]
[TimeControl "40/5400+30:1800+30"]

1. d4 d5 2. c4 e6 3. Nf3 Nf6 4. e3 a6 5. a3 b6 6. b3 Bb7 7. Bb2 Nbd7 8. Nbd2 Bd6 9. Be2 O-O 10. O-O c5 11. dxc5 bxc5 12. Qc2 a5 13. Rfd1 Qb6 14. Rab1 h6 15. h3 Rfe8 16. Bc3 Rab8 17. Qb2 Ba8 18. Qa1 Qc7 19. Rbc1 Qa7 20. Rb1 Rbd8 21. Rbc1 Bf8 22. Bf1 Qb6 23. Rb1 Ne4 24. Nxe4 dxe4 25. Ne1 Nb8 26. Qb2 Nc6 27. Nc2 Rxd1 28. Rxd1 Rb8 29. Rb1 Bb7 30. Be2 Bc8 31. a4 Bb7 32. Na3 Rd8 33. Rd1 Rxd1+ 34. Bxd1 Qd8 1/2-1/2

[Event "CZE Extraliga 2019-20"]
[Site "Czech Republic"]
[Date "2019.12.01"]
[Round "4.1"]
[White "Kociscak, Jiri"]
[Black "Markos, Jan"]
[Result "0-1"]
[ECO "E32"]
[WhiteElo "2499"]
[BlackElo "2572"]
[Annotator "ChessBase"]
[PlyCount "86"]
[EventDate "2019.09.15"]
[EventType "team-tourn"]
[EventCountry "CZE"]
[SourceTitle "playchess.com"]
[Source "ChessBase"]
[SourceQuality "1"]
[WhiteTeam "Ostrava"]
[BlackTeam "Kromeriz "]
[TimeControl "40/5400+30:1800+30"]

1. d4 Nf6 2. c4 e6 3. Nc3 Bb4 4. Qc2 O-O 5. a3 Bxc3+ 6. Qxc3 b6 7. Bg5 Bb7 8. f3 d6 9. e3 Nbd7 10. Bd3 c5 11. Ne2 Rc8 12. O-O h6 13. Bh4 cxd4 14. exd4 b5 15. b3 Ba6 16. Qb4 bxc4 17. Bxc4 Bxc4 18. bxc4 Rc6 19. Rfc1 Qc7 20. Bg3 Rb8 21. Qc3 Rc8 22. c5 Qd8 23. Bf2 Nd5 24. Qd2 dxc5 25. dxc5 Nxc5 26. Rab1 a6 27. Nd4 R6c7 28. Bg3 Rb7 29. Rxb7 Nxb7 30. Nc6 Qg5 31. f4 Qf6 32. Bf2 Nd6 33. Bd4 Ne4 34. Qd3 Qxf4 35. Rf1 Qd2 36. Qxe4 Rxc6 37. Qg4 Qg5 38. Qf3 Rc7 39. Qd3 Nf4 40. Qe4 Rc1 41. Rxc1 Nh3+ 42. Kf1 Qxc1+ 43. Ke2 Nf4+ 0-1

[Event "CZE Extraliga 2019-20"]
[Site "Czech Republic"]
[Date "2019.12.02"]
[Round "4.2"]
[White "Laznicka, Viktor"]
[Black "Balogh, Csaba"]
[Result "1/2-1/2"]
[ECO "A22"]
[WhiteElo "2667"]
[BlackElo "2591"]
[Annotator "ChessBase"]
[PlyCount "37"]
[EventDate "2019.09.15"]
[EventType "team-tourn"]
[EventCountry "CZE"]
[SourceTitle "playchess.com"]
[Source "ChessBase"]
[SourceQuality "1"]
[WhiteTeam "Novoborsky"]
[BlackTeam "Brno"]
[WhiteTeamCountry "CZE"]
[BlackTeamCountry "HUN"]
[TimeControl "40/5400+30:1800+30"]

1. c4 e5 2. Nc3 Nf6 3. g3 Bb4 4. e4 Bxc3 5. dxc3 d6 6. Qc2 a5 7. a4 Na6 8. Be3 O-O 9. h3 Ne8 10. g4 Nc5 11. Nf3 b6 12. Nd2 Bb7 13. f3 Nf6 14. h4 Ne6 15. Nb3 Nd7 16. Rd1 Ndc5 17. Nc1 Qf6 18. Rh3 Nf4 19. Rh2 1/2-1/2

[Event "CZE Extraliga 2019-20"]
[Site "Czech Republic"]
[Date "2019.12.01"]
[Round "4.2"]
[White "Azarov, Sergei"]
[Black "Nasuta, Grzegorz"]
[Result "1/2-1/2"]
[ECO "C07"]
[WhiteElo "2586"]
[BlackElo "2540"]
[Annotator "ChessBase"]
[PlyCount "44"]
[EventDate "2019.09.15"]
[EventType "team-tourn"]
[EventCountry "CZE"]
[SourceTitle "playchess.com"]
[Source "ChessBase"]
[SourceQuality "1"]
[WhiteTeam " Frydek-Mistek"]
[BlackTeam "Poruba"]
[TimeControl "40/5400+30:1800+30"]

1. e4 e6 2. d4 d5 3. Nd2 c5 4. Ngf3 cxd4 5. Nxd4 Nf6 6. exd5 Qxd5 7. Nb5 Na6 8. Nc3 Qd6 9. Qe2 Be7 10. g3 Nb4 11. Nf3 O-O 12. a3 Nbd5 13. Nxd5 exd5 14. Bg2 Re8 15. O-O Bf5 16. Be3 Qd7 17. Bd4 Qc7 18. Nh4 Bc5 19. Qb5 Bxd4 20. Nxf5 Bb6 21. c3 Qe5 22. Nd4 Bxd4 1/2-1/2

[Event "CZE Extraliga 2019-20"]
[Site "Czech Republic"]
[Date "2019.12.01"]
[Round "4.2"]
[White "LYS5 Plat Vojtech GM"]
[Black "DUR5 Ponizil Cyril IM"]
[Result "1/2-1/2"]
[ECO "A46"]
[WhiteElo "2576"]
[BlackElo "2504"]
[Annotator "RC"]
[PlyCount "23"]
[EventDate "2019.09.15"]
[EventType "team-tourn"]
[EventCountry "CZE"]
[SourceTitle "playchess.com"]
[Source "ChessBase"]
[SourceQuality "1"]
[TimeControl "40/5400+30:1800+30"]

1. d4 Nf6 2. Nf3 e6 3. Bf4 d5 4. e3 Bd6 5. Bg3 O-O 6. Bd3 b6 7. Nbd2 c5 8. c3 Ba6 9. Bxa6 Nxa6 10. Bh4 Nb8 11. O-O Nbd7 12. Rc1 1/2-1/2

[Event "CZE Extraliga 2019-20"]
[Site "Czech Republic"]
[Date "2019.12.01"]
[Round "4.2"]
[White "Gazik, Viktor"]
[Black "Jakubiec, Artur"]
[Result "1-0"]
[ECO "A85"]
[WhiteElo "2537"]
[BlackElo "2472"]
[Annotator "ChessBase"]
[PlyCount "79"]
[EventDate "2019.09.15"]
[EventType "team-tourn"]
[EventCountry "CZE"]
[SourceTitle "playchess.com"]
[Source "ChessBase"]
[SourceQuality "1"]
[WhiteTeam "Kromeriz"]
[BlackTeam " Ostrava"]
[TimeControl "40/5400+30:1800+30"]

1. d4 f5 2. c4 Nf6 3. Nc3 d6 4. Nf3 g6 5. g3 Bg7 6. Bg2 O-O 7. O-O Qe8 8. d5 a5 9. Nd4 Na6 10. b3 Bd7 11. Qd2 c5 12. Ndb5 h6 13. Bb2 g5 14. f4 gxf4 15. gxf4 Kh8 16. Kh1 Rg8 17. Bf3 Ng4 18. Bxg4 fxg4 19. Ne4 Qg6 20. Ng3 Bxb5 21. cxb5 Nc7 22. a4 Bxb2 23. Qxb2+ Kh7 24. e4 Raf8 25. Rae1 Rg7 26. f5 Qg5 27. Ne2 Rf6 28. Nf4 Rg8 29. Re2 Na8 30. Qc3 Nb6 31. Qxa5 Nd7 32. Ne6 Qh5 33. Qc7 Ne5 34. Qxe7+ Rf7 35. Qxd6 g3 36. Nf4 Qxe2 37. Nxe2 g2+ 38. Kg1 gxf1=Q+ 39. Kxf1 Nd3 40. Nf4 1-0

[Event "CZE Extraliga 2019-20"]
[Site "Czech Republic"]
[Date "2019.12.01"]
[Round "4.2"]
[White "Cernousek, Lukas"]
[Black "Hracek, Zbynek"]
[Result "1/2-1/2"]
[ECO "E32"]
[WhiteElo "2458"]
[BlackElo "2572"]
[Annotator "ChessBase"]
[PlyCount "45"]
[EventDate "2019.09.15"]
[EventType "team-tourn"]
[EventCountry "CZE"]
[SourceTitle "playchess.com"]
[Source "ChessBase"]
[SourceQuality "1"]
[WhiteTeam "Siesta Solution Unichess "]
[BlackTeam "Pardubice "]
[TimeControl "40/5400+30:1800+30"]

1. d4 Nf6 2. c4 e6 3. Nc3 Bb4 4. Qc2 d5 5. cxd5 exd5 6. Bg5 h6 7. Bh4 c5 8. dxc5 Be6 9. e3 Nbd7 10. a3 Bxc5 11. Bd3 Rc8 12. Nge2 O-O 13. O-O Be7 14. Nd4 Nc5 15. Nf5 Nxd3 16. Qxd3 Bxf5 17. Qxf5 Qd6 18. Rfd1 Qe6 19. Qf3 Rfd8 20. Rd4 g5 21. Bg3 Bc5 22. Rd3 Ne4 23. Rad1 1/2-1/2

[Event "CZE Extraliga 2019-20"]
[Site "Czech Republic"]
[Date "2019.12.01"]
[Round "4.2"]
[White "Pulpan, Jakub"]
[Black "Ftacnik, Lubomir"]
[Result "1/2-1/2"]
[ECO "A05"]
[WhiteElo "2421"]
[BlackElo "2520"]
[Annotator "ChessBase"]
[PlyCount "62"]
[EventDate "2019.09.15"]
[EventType "team-tourn"]
[EventCountry "CZE"]
[SourceTitle "playchess.com"]
[Source "ChessBase"]
[SourceQuality "1"]
[WhiteTeam "Praha"]
[BlackTeam "Turnov "]
[TimeControl "40/5400+30:1800+30"]

1. Nf3 Nf6 2. b3 c5 3. Bb2 Nc6 4. e3 g6 5. c4 Bg7 6. Be2 O-O 7. O-O d5 8. cxd5 Qxd5 9. Nc3 Qf5 10. Qb1 Rd8 11. Qxf5 Bxf5 12. Na4 b6 13. d4 cxd4 14. Nxd4 Nxd4 15. Bxd4 Nd5 16. Bxg7 Kxg7 17. Bf3 Be6 18. Rac1 Rac8 19. Rxc8 Rxc8 20. Bxd5 Bxd5 21. f3 f5 22. Rd1 Be6 23. Rd2 g5 24. Kf2 Kf6 25. Nb2 Rc3 26. Nd3 a5 27. Ne1 a4 28. bxa4 Ra3 29. Rb2 Rxa4 30. Rxb6 Rxa2+ 31. Kf1 Kf7 1/2-1/2

[Event "CZE Extraliga 2019-20"]
[Site "Czech Republic"]
[Date "2019.12.03"]
[Round "4.3"]
[White "Stocek, Jiri"]
[Black "Anton Guijarro, David"]
[Result "0-1"]
[ECO "D43"]
[WhiteElo "2570"]
[BlackElo "2686"]
[Annotator "ChessBase"]
[PlyCount "110"]
[EventDate "2019.09.15"]
[EventType "team-tourn"]
[EventCountry "CZE"]
[SourceTitle "playchess.com"]
[Source "ChessBase"]
[SourceQuality "1"]
[WhiteTeam "Brno"]
[BlackTeam "Novoborsky"]
[WhiteTeamCountry "CZE"]
[BlackTeamCountry "ESP"]
[TimeControl "40/5400+30:1800+30"]

1. d4 Nf6 2. Nf3 d5 3. c4 e6 4. Nc3 c6 5. Qd3 dxc4 6. Qxc4 b5 7. Qd3 Bb7 8. e4 b4 9. Na4 Qa5 10. b3 c5 11. e5 Ba6 12. Qc2 Bxf1 13. Rxf1 Nd5 14. Bd2 Nd7 15. Rc1 Rc8 16. Ng5 N5b6 17. Nxb6 Nxb6 18. Qd3 Be7 19. Ke2 Rd8 20. a3 cxd4 21. f4 Nd5 22. axb4 Bxb4 23. Ra1 Qb6 24. Qa6 d3+ 25. Kd1 Qxa6 26. Rxa6 Rb8 27. f5 exf5 28. e6 f6 29. Nf7 O-O 30. Rxf5 Nc7 31. Rc6 Nxe6 32. Nh6+ gxh6 33. Rxe6 Kg7 34. Rd5 Bxd2 35. Kxd2 Rxb3 36. Ra6 Rf7 37. Ra2 Rfb7 38. Rda5 Kg6 39. h4 h5 40. Rxa7 Rxa7 41. Rxa7 Rb2+ 42. Kxd3 Rxg2 43. Ra1 Rg4 44. Rh1 Kf5 45. Ke2 Ra4 46. Rf1+ Rf4 47. Rh1 Kg4 48. Rg1+ Kxh4 49. Rg7 Kh3 50. Rxh7 h4 51. Rg7 Kh2 52. Ke3 Rf5 53. Ke4 Rf1 54. Rg6 h3 55. Ke3 Kh1 0-1

[Event "CZE Extraliga 2019-20"]
[Site "Czech Republic"]
[Date "2019.12.01"]
[Round "4.3"]
[White "Shevchenko, Kirill"]
[Black "Druska, Juraj"]
[Result "1-0"]
[ECO "C11"]
[WhiteElo "2541"]
[BlackElo "2472"]
[Annotator "ChessBase"]
[PlyCount "57"]
[EventDate "2019.09.15"]
[EventType "team-tourn"]
[EventCountry "CZE"]
[SourceTitle "playchess.com"]
[Source "ChessBase"]
[SourceQuality "1"]
[WhiteTeam "Pardubice "]
[BlackTeam "Siesta Solution Unichess "]
[TimeControl "40/5400+30:1800+30"]

1. e4 e6 2. d4 d5 3. Nc3 Nf6 4. e5 Nfd7 5. f4 c5 6. Nf3 Nc6 7. Be3 Be7 8. Qd2 O-O 9. dxc5 Qa5 10. O-O-O b6 11. Bb5 Nb4 12. a3 bxc5 13. Kb1 Nb6 14. f5 d4 15. Bxd4 cxd4 16. Nxd4 Rd8 17. f6 Bf8 18. fxg7 Be7 19. Qh6 Rxd4 20. Rxd4 N6d5 21. Rxd5 exd5 22. axb4 Qb6 23. Bc6 Bg5 24. Qd6 Bb7 25. Bxd5 Qxd6 26. exd6 Bxd5 27. Nxd5 Rd8 28. Ne7+ Kxg7 29. c4 1-0

[Event "CZE Extraliga 2019-20"]
[Site "Czech Republic"]
[Date "2019.12.01"]
[Round "4.3"]
[White "Kraus, Tomas"]
[Black "Carlsson, Pontus"]
[Result "0-1"]
[ECO "A40"]
[WhiteElo "2473"]
[BlackElo "2447"]
[Annotator "ChessBase"]
[PlyCount "80"]
[EventDate "2019.09.15"]
[EventType "team-tourn"]
[EventCountry "CZE"]
[SourceTitle "playchess.com"]
[Source "ChessBase"]
[SourceQuality "1"]
[WhiteTeam "Turnov "]
[BlackTeam "Praha"]
[TimeControl "40/5400+30:1800+30"]

1. d4 Nf6 2. c4 e6 3. Nf3 b6 4. a3 Ba6 5. Qc2 Bb7 6. Nc3 c5 7. e4 cxd4 8. Nxd4 d6 9. Be2 Be7 10. Be3 O-O 11. O-O a6 12. Rad1 Qc7 13. f4 Nbd7 14. g4 Nc5 15. Bf3 Rfc8 16. g5 Ne8 17. Qg2 g6 18. f5 e5 19. Nc2 b5 20. f6 Bd8 21. Bg4 Nxe4 22. Nd5 Bxd5 23. Rxd5 Qxc4 24. Nb4 a5 25. Bxc8 Rxc8 26. Rdd1 axb4 27. Rc1 Bb6 28. Rxc4 Bxe3+ 29. Kh1 Rxc4 30. b3 Rd4 31. h4 h6 32. Qh3 Bf4 33. Qc8 Ng3+ 34. Kg2 Kf8 35. gxh6 Rd2+ 36. Kh3 Nxf1 37. Qd8 Rh2+ 38. Kg4 Ne3+ 39. Kf3 Nd5 40. h5 Rxh5 0-1

[Event "CZE Extraliga 2019-20"]
[Site "Czech Republic"]
[Date "2019.12.01"]
[Round "4.3"]
[White "Blahynka, Martin"]
[Black "Yemelin, Vasily"]
[Result "1-0"]
[ECO "B32"]
[WhiteElo "2423"]
[BlackElo "2545"]
[Annotator "ChessBase"]
[PlyCount "87"]
[EventDate "2019.09.15"]
[EventType "team-tourn"]
[EventCountry "CZE"]
[SourceTitle "playchess.com"]
[Source "ChessBase"]
[SourceQuality "1"]
[WhiteTeam "Duras"]
[BlackTeam "Lysa nad Labem "]
[TimeControl "40/5400+30:1800+30"]

1. e4 c5 2. Nf3 Nc6 3. d4 cxd4 4. Nxd4 Qb6 5. Nb3 Nf6 6. Nc3 e6 7. Be3 Qc7 8. Qd2 a6 9. O-O-O b5 10. f3 Rb8 11. Bf4 Ne5 12. Nd4 b4 13. Na4 Be7 14. g4 d6 15. b3 O-O 16. g5 Nfd7 17. h4 Bb7 18. Kb1 Nc5 19. Nxc5 dxc5 20. Qh2 Bd6 21. Ne2 f6 22. gxf6 gxf6 23. Bh3 Qe7 24. Nc1 Rbd8 25. Rhg1+ Kf7 26. Rxd6 Qxd6 27. Nd3 Rg8 28. Nxe5+ fxe5 29. Bg5 Rdf8 30. Bg4 Rg6 31. Bh5 Kg8 32. Bxg6 hxg6 33. h5 Rxf3 34. hxg6 Qc7 35. Rh1 Qg7 36. Bh6 Qf6 37. Bg5 Qg7 38. Qh4 c4 39. Bh6 Qf6 40. Bg5 Qg7 41. bxc4 a5 42. Qh7+ Qxh7 43. gxh7+ Kh8 44. Rh6 1-0

[Event "CZE Extraliga 2019-20"]
[Site "Czech Republic"]
[Date "2019.12.01"]
[Round "4.3"]
[White "Velicka, Petr"]
[Black "Malinovsky, Karel"]
[Result "1/2-1/2"]
[ECO "B38"]
[WhiteElo "2420"]
[BlackElo "2478"]
[Annotator "ChessBase"]
[PlyCount "67"]
[EventDate "2019.09.15"]
[EventType "team-tourn"]
[EventCountry "CZE"]
[SourceTitle "playchess.com"]
[Source "ChessBase"]
[SourceQuality "1"]
[WhiteTeam " Ostrava"]
[BlackTeam "Kromeriz"]
[TimeControl "40/5400+30:1800+30"]

1. e4 c5 2. Nf3 g6 3. c4 Nc6 4. d4 cxd4 5. Nxd4 Bg7 6. Be3 Nf6 7. Nc3 d6 8. Be2 O-O 9. O-O Bd7 10. Nc2 Rc8 11. Rc1 Ne5 12. Na3 a6 13. f3 Be6 14. Nd5 Bxd5 15. cxd5 b5 16. Qd2 Qd7 17. Nc2 e6 18. Nb4 exd5 19. Nxd5 Nxd5 20. Qxd5 Qe6 21. b3 Qxd5 22. exd5 Nd7 23. a4 Rce8 24. Kf2 Re5 25. f4 Rxd5 26. axb5 axb5 27. Rfd1 Rxd1 28. Rxd1 Nc5 29. b4 Ne4+ 30. Kf3 Nc3 31. Rxd6 Nxe2 32. Kxe2 Re8 33. Rd5 Bc3 34. Kd3 1/2-1/2

[Event "CZE Extraliga 2019-20"]
[Site "Czech Republic"]
[Date "2019.12.03"]
[Round "4.4"]
[White "Bartel, Mateusz"]
[Black "Heberla, Bartlomiej"]
[Result "1-0"]
[ECO "A54"]
[WhiteElo "2636"]
[BlackElo "2565"]
[Annotator "ChessBase"]
[PlyCount "94"]
[EventDate "2019.09.15"]
[EventType "team-tourn"]
[EventCountry "CZE"]
[SourceTitle "playchess.com"]
[Source "ChessBase"]
[SourceQuality "1"]
[WhiteTeam "Novoborsky"]
[BlackTeam "Brno"]
[WhiteTeamCountry "POL"]
[BlackTeamCountry "POL"]
[TimeControl "40/5400+30:1800+30"]

1. c4 e5 2. Nc3 Nf6 3. Nf3 d6 4. g3 Be7 5. d4 Nbd7 6. Bg2 c6 7. O-O O-O 8. Qc2 a6 9. Rd1 Qc7 10. Be3 Re8 11. Rac1 Bf8 12. h3 b6 13. dxe5 dxe5 14. Ng5 Bb7 15. Qf5 h6 16. Nh7 Rad8 17. Nxf6+ Nxf6 18. Bxh6 Bc8 19. Qf3 e4 20. Qf4 Bd6 21. Qg5 Bf8 22. Qh4 gxh6 23. Qxf6 Bg7 24. Rxd8 Rxd8 25. Qh4 e3 26. fxe3 Re8 27. Ne4 Bf5 28. Rd1 Qe7 29. Qxe7 Rxe7 30. Nd6 Bg6 31. b3 Rxe3 32. Kf2 Re6 33. c5 bxc5 34. Nc4 Bc2 35. Rd8+ Kh7 36. Ra8 Bd4+ 37. e3 Bc3 38. Rxa6 Bd3 39. Rxc6 Rxc6 40. Bxc6 Bxc4 41. bxc4 Kg7 42. g4 Kf6 43. Bd5 Ke7 44. Kf3 f6 45. Kf4 Bd2 46. a4 Kd6 47. Kf5 Bc3 1-0

[Event "CZE Extraliga 2019-20"]
[Site "Czech Republic"]
[Date "2019.12.01"]
[Round "4.4"]
[White "Bernasek, Jan"]
[Black "Votava, Jan"]
[Result "1-0"]
[ECO "A17"]
[WhiteElo "2490"]
[BlackElo "2521"]
[Annotator "ChessBase"]
[PlyCount "77"]
[EventDate "2019.09.15"]
[EventType "team-tourn"]
[EventCountry "CZE"]
[SourceTitle "playchess.com"]
[Source "ChessBase"]
[SourceQuality "1"]
[WhiteTeam "Siesta Solution Unichess "]
[BlackTeam "Pardubice"]
[TimeControl "40/5400+30:1800+30"]

1. c4 c5 2. Nf3 Nf6 3. Nc3 d5 4. cxd5 Nxd5 5. e3 e6 6. Nxd5 exd5 7. b4 cxb4 8. Bb2 Nc6 9. Rc1 Be6 10. Nd4 Nxd4 11. Bxd4 f6 12. Bd3 Be7 13. Qh5+ Kf8 14. O-O Qd7 15. f4 Bd6 16. Qh4 Bf5 17. Be2 h5 18. Bf3 Be7 19. Bc5 b6 20. Bxe7+ Kxe7 21. d3 Rac8 22. e4 Rxc1 23. Rxc1 dxe4 24. dxe4 Qd4+ 25. Kh1 Qb2 26. Re1 Be6 27. e5 Rc8 28. exf6+ Qxf6 29. Qxh5 Rc5 30. Qh7 Kd7 31. Qe4 Bd5 32. Rd1 Qd6 33. Qxd5 Rxd5 34. Rxd5 a5 35. Rxd6+ Kxd6 36. Bd1 b5 37. g4 a4 38. f5 b3 39. Bxb3 {[%emt 0:00:07] Kd5} 1-0

[Event "CZE Extraliga 2019-20"]
[Site "Czech Republic"]
[Date "2019.12.01"]
[Round "4.4"]
[White "Zwardon, Vojtech"]
[Black "Cvek, Robert"]
[Result "1/2-1/2"]
[ECO "D53"]
[WhiteElo "2471"]
[BlackElo "2517"]
[Annotator "ChessBase"]
[PlyCount "24"]
[EventDate "2019.09.15"]
[EventType "team-tourn"]
[EventCountry "CZE"]
[SourceTitle "playchess.com"]
[Source "ChessBase"]
[SourceQuality "1"]
[WhiteTeam "Frydek-Mistek"]
[BlackTeam "Poruba "]
[TimeControl "40/5400+30:1800+30"]

1. c4 e6 2. Nc3 d5 3. d4 Nf6 4. Bg5 Be7 5. cxd5 Nxd5 6. Bxe7 Qxe7 7. Nf3 O-O 8. Rc1 Nxc3 9. Rxc3 Nc6 10. e3 e5 11. Nxe5 Nxe5 12. dxe5 Qxe5 1/2-1/2

[Event "CZE Extraliga 2019-20"]
[Site "Czech Republic"]
[Date "2019.12.01"]
[Round "4.4"]
[White "Mazur, Stefan"]
[Black "Rasik, Vitezslav"]
[Result "1/2-1/2"]
[ECO "B06"]
[WhiteElo "2445"]
[BlackElo "2470"]
[Annotator "ChessBase"]
[PlyCount "83"]
[EventDate "2019.09.15"]
[EventType "team-tourn"]
[EventCountry "CZE"]
[SourceTitle "playchess.com"]
[Source "ChessBase"]
[SourceQuality "1"]
[WhiteTeam "Kromeriz "]
[BlackTeam "Ostrava"]
[TimeControl "40/5400+30:1800+30"]

1. e4 d6 2. d4 g6 3. Nc3 Bg7 4. Be3 Nf6 5. Qd2 c6 6. Bh6 Bxh6 7. Qxh6 Qa5 8. Bd3 c5 9. d5 Nbd7 10. O-O-O b5 11. Bxb5 Rb8 12. Bxd7+ Bxd7 13. Nge2 Qb4 14. b3 a5 15. f3 a4 16. bxa4 Bxa4 17. Kd2 Qa5 18. Rb1 Kd7 19. Qg7 Rhf8 20. Rxb8 Rxb8 21. Qxf7 Kd8 22. Qf8+ Be8 23. Nf4 Rb4 24. Ne6+ Kd7 25. Qh6 Rd4+ 26. Nxd4 cxd4 27. Rb1 dxc3+ 28. Ke1 Qxa2 29. Qc1 Qa7 30. Ke2 e6 31. Qe3 Qxe3+ 32. Kxe3 exd5 33. exd5 Nxd5+ 34. Kd4 Kc6 35. Rb8 Bd7 36. g4 h5 37. gxh5 gxh5 38. Rf8 h4 39. f4 Ne7 40. Kxc3 Bf5 41. Rh8 h3 42. Kd4 1/2-1/2

[Event "CZE Extraliga 2019-20"]
[Site "Czech Republic"]
[Date "2019.12.03"]
[Round "4.5"]
[White "Polak, Tomas"]
[Black "Krejci, Jan"]
[Result "0-1"]
[ECO "E46"]
[WhiteElo "2551"]
[BlackElo "2578"]
[Annotator "ChessBase"]
[PlyCount "108"]
[EventDate "2019.09.15"]
[EventType "team-tourn"]
[EventCountry "CZE"]
[SourceTitle "playchess.com"]
[Source "ChessBase"]
[SourceQuality "1"]
[WhiteTeam "Brno"]
[BlackTeam "Novoborsky"]
[WhiteTeamCountry "CZE"]
[BlackTeamCountry "CZE"]
[TimeControl "40/5400+30:1800+30"]

1. d4 Nf6 2. c4 e6 3. Nc3 Bb4 4. e3 O-O 5. Nge2 d5 6. a3 Bd6 7. Ng3 c5 8. dxc5 Bxc5 9. b4 Be7 10. Bb2 Nc6 11. Rc1 a5 12. b5 Ne5 13. cxd5 exd5 14. Qd4 Nc4 15. Nxd5 Nxb2 16. Nxe7+ Qxe7 17. Qxb2 h5 18. Bd3 Rd8 19. Bb1 h4 20. Ne2 h3 21. gxh3 Bxh3 22. Rg1 Rac8 23. Rxc8 Bxc8 24. Rg5 Bg4 25. Nd4 Qd6 26. f4 Re8 27. Kf2 Bd7 28. h3 g6 29. Nf3 Qe6 30. Bxg6 fxg6 31. Rxg6+ Kf7 32. Ne5+ Ke7 33. Qd4 Rd8 34. Rg7+ Ke8 35. Qd3 Qa2+ 36. Kg3 Nh5+ 37. Kh4 Nxg7 38. Qg6+ Kf8 39. Qf6+ Kg8 40. Qxd8+ Be8 41. Ng4 Qe6 42. e4 Kf8 43. f5 Qxe4 44. Qd6+ Kg8 45. Qf6 Qf4 46. Qg5 Qxg5+ 47. Kxg5 Bxb5 48. Ne5 Be8 49. Nc4 a4 50. Nb6 Bc6 51. h4 Ne8 52. Kf4 Nf6 53. Ke5 Nd7+ 54. Nxd7 Bxd7 0-1

[Event "CZE Extraliga 2019-20"]
[Site "Czech Republic"]
[Date "2019.12.01"]
[Round "4.5"]
[White "Koziol, Kamil"]
[Black "Hollan, Martin"]
[Result "1/2-1/2"]
[ECO "B31"]
[WhiteElo "2292"]
[BlackElo "2403"]
[Annotator "ChessBase"]
[PlyCount "47"]
[EventDate "2019.09.15"]
[EventType "team-tourn"]
[EventCountry "CZE"]
[SourceTitle "playchess.com"]
[Source "ChessBase"]
[SourceQuality "1"]
[WhiteTeam "Ostrava"]
[BlackTeam "Kromeriz "]
[TimeControl "40/5400+30:1800+30"]

1. e4 c5 2. Nf3 Nc6 3. Bb5 g6 4. Bxc6 dxc6 5. d3 Bg7 6. h3 Nh6 7. O-O b6 8. a4 a5 9. Be3 f6 10. Na3 Nf7 11. Nc4 Ba6 12. Nfd2 Nd6 13. f4 e6 14. Qf3 O-O 15. g4 Nxc4 16. Nxc4 Bxc4 17. dxc4 Qe7 18. Rad1 Bh6 19. Kg2 e5 20. f5 Bxe3 21. Qxe3 Rad8 22. Qe2 Rxd1 23. Rxd1 gxf5 24. gxf5 1/2-1/2

[Event "CZE Extraliga 2019-20"]
[Site "Czech Republic"]
[Date "2019.12.02"]
[Round "4.6"]
[White "Babula, Vlastimil"]
[Black "Zeman, Matyas"]
[Result "1-0"]
[ECO "D46"]
[WhiteElo "2572"]
[BlackElo "2261"]
[Annotator "ChessBase"]
[PlyCount "69"]
[EventDate "2019.09.15"]
[EventType "team-tourn"]
[EventCountry "CZE"]
[SourceTitle "playchess.com"]
[Source "ChessBase"]
[SourceQuality "1"]
[WhiteTeam "Novoborsky"]
[BlackTeam "Brno"]
[WhiteTeamCountry "CZE"]
[BlackTeamCountry "CZE"]
[TimeControl "40/5400+30:1800+30"]

1. d4 e6 2. c4 d5 3. Nc3 Nf6 4. Nf3 c6 5. e3 Nbd7 6. Qc2 Bd6 7. Be2 O-O 8. O-O dxc4 9. Bxc4 b5 10. Be2 Bb7 11. a3 Qe7 12. e4 e5 13. Rd1 Rfe8 14. Bg5 Rad8 15. Rd2 h6 16. Bh4 exd4 17. Nxd4 Bf4 18. Rdd1 Nc5 19. Nf5 Qe6 20. Bf3 g6 21. Ne2 Rxd1+ 22. Rxd1 Ncxe4 23. Bxe4 gxf5 24. Bxf5 Qxe2 25. Qxe2 Rxe2 26. Bxf6 Re8 27. Bd7 Re2 28. Bg4 Re8 29. h4 Bc8 30. Bf3 Re6 31. Rd8+ Kh7 32. Bc3 Ba6 33. Rh8+ Kg6 34. Rg8+ Kf5 35. g4# 1-0

[Event "CZE Extraliga 2019-20"]
[Site "Czech Republic"]
[Date "2019.12.01"]
[Round "4.6"]
[White "Kislinsky, Alexey"]
[Black "Chytilek, Roman"]
[Result "1-0"]
[ECO "B10"]
[WhiteElo "2436"]
[BlackElo "2330"]
[Annotator "NA"]
[PlyCount "87"]
[EventDate "2019.09.15"]
[EventType "team-tourn"]
[EventCountry "CZE"]
[SourceTitle "playchess.com"]
[Source "ChessBase"]
[SourceQuality "1"]
[WhiteTeam "Lysa nad Labem"]
[BlackTeam "Duras"]
[TimeControl "40/5400+30:1800+30"]

1. e4 c6 2. Nc3 d5 3. Qe2 d4 4. Nd1 e5 5. g3 Bd6 6. Bg2 Ne7 7. d3 c5 8. f4 Nbc6 9. Nf3 Qc7 10. f5 Bd7 11. O-O O-O-O 12. c4 Kb8 13. a3 Na5 14. Qc2 f6 15. Rb1 b5 16. b4 Nb7 17. bxc5 Qxc5 18. Qb2 a6 19. Rf2 Rc8 20. Rc2 Qa7 21. Nf2 bxc4 22. Rxc4 Rxc4 23. dxc4 Rc8 24. Bd2 Rxc4 25. Bf1 Rc6 26. a4 Bc8 27. Nd3 Ka8 28. Qa2 Nc5 29. Nxc5 Bxc5 30. Bd3 g6 31. Ba5 Bb7 32. Qf7 gxf5 33. exf5 Rc8 34. Nd2 Nc6 35. Bc7 Nb4 36. Rxb4 Bxb4 37. Nc4 Bc5 38. Qd7 Rf8 39. a5 Bf3 40. Nb6+ Bxb6 41. axb6 Qb7 42. Qa4 Bh1 43. Qa2 Bd5 44. Qa3 1-0